 Dungeon Crawl Stone Soup version 0.32-a0-953-g508020473e (webtiles) character file.

Game seed: 8264905969144241623

39 Dazliare the Vexing (level 3, -3/24 HPs)
             Began as a Coglin Enchanter on Apr 17, 2024.
             Slain by Terence
             ... wielding a +0 trident
              (5 damage)
             ... on level 2 of the Dungeon.
             The game lasted 00:02:37 (867 turns).

Dazliare the Vexing (Coglin Enchanter)               Turns: 867, Time: 00:02:37

Health: -3/24      AC:  3    Str:  8    XL:     3   Next: 45%
Magic:  1/6        EV: 11    Int: 14    God:
Gold:   45         SH:  0    Dex: 16    Spells: 1/6 levels left

rFire   . . .        a - +1 dagger {Santos}
rCold   . . .        d - +0 dagger {Choonhe}
rNeg    . . .        b - +0 robe
rPois   .            (no helmet)
rElec   .            g - +0 cloak
rCorr   .            (no gloves)
SInv    .            (no boots)
Will    .....        (amulet unavailable)
Stlth   ++           (ring unavailable)
HPRegen 0.24/turn    (ring unavailable)
MPRegen 0.10/turn    (no gizmo)

%: no passive effects
@: mighty, invisible, revved
A: off-hand wielding, slow wielding, warmup strikes, no jewellery
a: Invent Gizmo


You were on level 2 of the Dungeon.
You visited 1 branch of the dungeon, and saw 2 of its levels.

You collected 45 gold pieces.

Inventory:

Hand Weapons
 a - a +1 dagger (weapon) {Santos}
 d - a +0 dagger (offhand) {Choonhe}
Missiles
 k - a throwing net {!f}
Armour
 b - a +0 robe (worn)
 g - a +0 cloak (worn)
Scrolls
 f - a scroll of teleportation {unknown}
 h - 2 scrolls of identify {unknown}
Potions
 c - a potion of invisibility
 e - a potion of degeneration {unknown}
 i - a potion of might
 j - a potion of attraction {unknown}


   Skills:
 + Level 1.7 Short Blades
 - Level 2.0 Dodging
 - Level 2.6 Stealth
 - Level 2.0 Spellcasting
 - Level 2.9 Hexes
 + Level 0.8 Ice Magic


You had one spell level left.
You knew the following spells:

 Your Spells              Type           Power      Damage    Failure   Level
a - Ensorcelled Hibernat  Hex/Ice        12%        N/A       17%         2
b - Tukima's Dance        Hex            9%         N/A       22%         3

Your spell library contained the following spells:

 Spells                   Type           Power      Damage    Failure   Level
 Confusing Touch          Hex            9%         N/A       22%         3
 Dazzling Flash           Conj/Hex       10%        N/A       36%         3
 Inner Flame              Hex/Fire       5%         N/A       36%         3
 Flame Wave               Conj/Fire      1%         2d4       93%         4
 Sticky Flame             Fire/Alch      1%         2d4       93%         4


Dungeon Overview and Level Annotations

Branches:
Dungeon (2/15)

Altars:

Annotations:
D:2 Terence


Innate Abilities, Weirdness & Mutations

You can wield a second weapon in your off-hand.
It takes a long time for you to wield or remove held weapons.
Your first few attacks do less damage.
You cannot equip rings or amulets.


Message History

You barely miss Terence with your +0 dagger.
Terence is moderately wounded.
You hit Terence with your +1 dagger. Terence barely misses you.
You barely miss Terence with your +1 dagger.
Terence is moderately wounded.
You hit Terence but do no damage. Terence barely misses you.
You hit Terence with your +0 dagger.
Terence is heavily wounded.
You hit Terence but do no damage. Terence screams, "I want your blood!"
Terence hits you with a +0 trident!
Your magical contamination has completely faded away.
You hit Terence but do no damage.
Terence is heavily wounded.
You hit Terence with your +0 dagger. Terence closely misses you.
You closely miss Terence with your +0 dagger.
Terence is heavily wounded.
You barely miss Terence with your +1 dagger.
Terence hits you but does no damage.
You barely miss Terence with your +0 dagger.
Terence is heavily wounded.
You closely miss Terence with your +1 dagger.
Terence says, "Rest in peace."
Terence hits you with a +0 trident.
* * * LOW HITPOINT WARNING * * *
You hit Terence but do no damage.
Terence is heavily wounded.
You hit Terence but do no damage. Terence hits you with a +0 trident.
* * * LOW HITPOINT WARNING * * *
You hit Terence but do no damage.
Terence is heavily wounded.
You hit Terence but do no damage. Terence barely misses you.
You fade into invisibility!
Terence closely misses you.
Unknown command.
It was a potion of might.
You feel very mighty all of a sudden. Terence hits you with a +0 trident.
You die...
Terence says, "Rest in peace."

#####.......@...#
###########.#
#......###.# ###
#......#...# #<#
#......#.### #####.#
#......#.# #.....####
#......'.#
#.###....###.=....###
#...'....')†.@@...#
#####....###......#
#....# #......#
###### #......#
########


You could see Terence (unable to see you).

Vanquished Creatures
  A dart slug (D:1)
  3 endoplasms (D:1)
  6 giant cockroaches (D:1)
  A goblin (D:2)
  A hobgoblin (D:1)
  2 jackals (D:1)
  A ball python (D:1)
  3 bats (D:1)
  2 frilled lizards (D:1)
  9 kobolds
  4 rats
33 creatures vanquished.

Notes
Turn   | Place    | Note
-------+----------+-------------------------------------------
     0 | D:1      | Dazliare the Coglin Enchanter began the quest for the Orb.
     0 | D:1      | Reached XP level 1. HP: 13/13 MP: 3/3
    46 | D:1      | Reached skill level 1 in Short Blades
   204 | D:1      | Reached XP level 2. HP: 15/19 MP: 4/4
   351 | D:1      | Learned a level 2 spell: Ensorcelled Hibernation
   374 | D:1      | Reached XP level 3. HP: 20/24 MP: 6/6
   422 | D:1      | Learned a level 3 spell: Tukima's Dance
   824 | D:2      | Noticed Terence
   864 | D:2      | HP: 1/24 [Terence/+0 trident (6)]
   867 | D:2      | Slain by Terence

Illustrated notes

Levels and vault maps discovered:
D:1:      lightli_arrival_quake, layout_loops_ring, serial_aquarium,
          aquarium_bridge_straight [aquarium_subvault_bridge,
          aquarium_subvault_window, aquarium_subvault_bridge,
          aquarium_subvault_balcony], aquarium_window_fake,
          aquarium_window_corridor_3, aquarium_window_fake,
          aquarium_window_fake, aquarium_view_2a
D:2:      layout_basic, basic_altar, uniq_terence, uniq_natasha, uniq_sigmund

Skill      XL: |  1  2 |
---------------+-------+-----
Short Blades   | 1 |  1.7
Dodging        | 2 |  2.0
Spellcasting   | 2 |  2.0
Stealth        | |  2.6
Hexes          | |  2.9
Ice Magic      | |  0.8

Action                     || total
---------------------------++-------
  Melee: Dagger            ||   183
  Throw: Dart              ||     3
   Cast: Tukima's Dance    ||     1
    Use: Potion            ||     2
   Stab: Sleeping          ||     4
 Armour: Robe              ||    55
  Dodge: Dodged            ||    61

Table legend: (Time is in decaauts)
 A = Elapsed time spent in this place.
 B = Non-inter-level travel time spent in this place.
 C = Inter-level travel time spent in this place.
 D = Time resting spent in this place.
 E = Time spent auto-exploring this place.
 F = Levels seen in this place.
 G = Mean time per level.
                   A        B        C        D        E       F      G
               +--------+--------+--------+--------+--------+-----+--------+
         Total |    860 |    849 |     11 |     31 |    542 |   2 |  430.0 |
       Dungeon |    860 |    849 |     11 |     31 |    542 |   2 |  430.0 |
               +--------+--------+--------+--------+--------+-----+--------+

Top non-repeatable levels by time:
     D:1: 760 daAuts
     D:2: 100 daAuts
